[Event "*** Titled Tuesday Blitz"]
[Site "Chess.com"]
[Date "2020.04.14"]
[Round "1"]
[White "codapbg94"]
[Black "SuperCheese"]
[Result "0-1"]
[WhiteElo "2020"]
[BlackElo "2525"]
[TimeControl "180+1"]
[EndTime "10:06:47 PDT"]
[Termination "SuperCheese won by resignation"]

1. e4 e5 2. Bc4 Nf6 3. d3 Bc5 4. Nf3 Nc6 5. O-O d6 6. h3 h6 7. c3 O-O 8. Nbd2 Ne7 9. d4 exd4 10. cxd4 Bb6 11. Bd3 c6 12. Re1 Ng6 13. Nf1 d5 14. e5 Ne4 15. N1d2 Nxd2 16. Bxd2 Nh4 17. Be3 Be6 18. Rc1 Ba5 19. Rf1 Nxf3+ 20. Qxf3 f6 21. exf6 Qxf6 22. Qe2 Rae8 23. Rcd1 Bf5 24. Qc2 Bxd3 25.
Qxd3 Re4 26. f3 Re6 27. Bf2 Rfe8 28. a3 Qg5 29. b4 Bb6 30. Rfe1 Rxe1+ 31. Bxe1 Qe3+ 32.
Qxe3 Rxe3 33. a4 a6 34. Kf2 Ra3 35. a5 Ra2+ 36. Kf1 Ba7 37. Bc3 Rc2 38. Rd3 Kf7 39.
Re3 Bb8 40. Re2 Rxc3 0-1

[Event "*** Titled Tuesday Blitz"]
[Site "Chess.com"]
[Date "2020.04.14"]
[Round "1"]
[White "JoakimVonAnd"]
[Black "Grischuk"]
[Result "0-1"]
[WhiteElo "2506"]
[BlackElo "3090"]
[TimeControl "180+1"]
[EndTime "10:06:48 PDT"]
[Termination "Grischuk won by resignation"]

1. d4 Nf6 2. c4 g6 3. Nc3 Bg7 4. e4 d6 5. h3 Nbd7 6. Be3 e5 7.
d5 Nc5 8. Qc2 O-O 9. g4 c6 10.
f3 cxd5 11. cxd5 Bd7 12. h4 h5 13. g5 Nh7 14. Nh3 Rc8 15. O-O-O b5 16. Kb1 b4 17. Ne2 Nxe4 18. Qb3 Nc5 19. Qxb4 Rb8 20. Qa3 e4 21. Bd4 exf3 22. Qxf3 Bf5+ 23. Kc1 Be4 24. Qc3 Bxd4 25. Nxd4 Bxh1 26. Nc6 Qc7 27. Nxb8 Qxb8 28. Nf2 Rc8 29. Kb1 Ne4 30. Qd4 Nc3+ 31. Ka1 Nxd1 32. Qxd1 Bf3 0-1

[Event "*** Titled Tuesday Blitz"]
[Site "Chess.com"]
[Date "2020.04.14"]
[Round "1"]
[White "czasnaszachy"]
[Black "KobyKalavannan"]
[Result "0-1"]
[WhiteElo "2338"]
[BlackElo "2683"]
[TimeControl "180+1"]
[EndTime "10:06:49 PDT"]
[Termination "KobyKalavannan won by checkmate"]

1. d4 Nf6 2. c4 g6 3. Nc3 Bg7 4. e4 d6 5. f4 O-O 6. Nf3 c5 7. d5 e6 8. dxe6 Bxe6 9. Bd3 Nc6 10. f5 Bd7 11. O-O Ng4 12. Bg5 Bf6 13. Bxf6 Qxf6 14.
Nd5 Qd8 15. Qd2 f6 16. fxg6 hxg6 17. Nh4 g5 18. Nf5 Bxf5 19. Rxf5 Nd4 20. Rff1 Ne5 21. Qf2 Nxd3 22. Qg3 Ne5 23. Rf2 Kg7 24. h4 Qd7 25. hxg5 Qg4 26. gxf6+ Kf7 27. Qe3 Rg8 28. Qh6 Rh8 29.
Qe3 Qh4 30. Rf4 Qh2+ 31. Kf2 Rag8 32. Ke1 Rxg2 33. Rf1 Nc2+ 34. Kd1 Nxe3+ 35. Kc1 Rc2+ 36. Kb1 Rxb2+ 37. Kc1 Nd3# 0-1

[Event "*** Titled Tuesday Blitz"]
[Site "Chess.com"]
[Date "2020.04.14"]
[Round "1"]
[White "FILI86"]
[Black "fabianvivasz"]
[Result "1-0"]
[WhiteElo "2607"]
[BlackElo "2243"]
[TimeControl "180+1"]
[EndTime "10:06:49 PDT"]
[Termination "FILI86 won by resignation"]

1. Nf3 c5 2. g3 Nf6 3. Bg2 g6 4. O-O Bg7 5. c4 O-O 6. Nc3 d5 7. cxd5 Nxd5 8. d3 Nxc3 9. bxc3 Bxc3 10. Rb1 Nc6 11. Bh6 Bg7 12. Bxg7 Kxg7 13. Qc1 Qd6 14. Rd1 Rb8 15. Nd2 Nd4 16. Qb2 Kg8 17.
Ne4 Qc7 18. Rdc1 Ne6 19. d4 c4 20. d5 Ng7 21. Nd2 b5 22. Nxc4 Bf5 23. Ne5 Qd6 24. e4 Bd7 25. Nc6 Bxc6 26. Rxc6 Qd7 27. Rbc1 Ne8 28. e5 a5 29. h4 Qa7 30. h5 gxh5 31. Qd2 Ng7 32. Rc7 Qb6 33. Rxe7 b4 34. e6 a4 35. exf7+ Rxf7 36. Rxf7 Kxf7 37. d6 b3 38. axb3 axb3 39. Rc7+ Kg8 40. Bd5+ Kh8 41. Qc3 Qxc7 42. dxc7 1-0

[Event "*** Titled Tuesday Blitz"]
[Site "Chess.com"]
[Date "2020.04.14"]
[Round "1"]
[White "ElHelvetico"]
[Black "zivicd"]
[Result "1-0"]
[WhiteElo "2604"]
[BlackElo "2239"]
[TimeControl "180+1"]
[EndTime "10:06:49 PDT"]
[Termination "ElHelvetico won by resignation"]

1. e4 c5 2. Nf3 e6 3. d4 cxd4 4. Nxd4 a6 5. Nc3 Qc7 6. Bd3 Nf6 7. f4 Bb4 8. Bd2 Nc6 9. Nxc6 bxc6 10. e5 Bxc3 11.
bxc3 Nd5 12. c4 Ne7 13. c5 a5 14. Qe2 O-O 15. O-O Qa7 16. Be3 Ba6 17. c4 f6 18.
Rad1 fxe5 19. fxe5 Nf5 20. Bxf5 Rxf5 21. Rxf5 exf5 22.
h4 Re8 23. Bd4 Qb7 24. Qh5 g6 25. Qg5 Qb8 26. Bc3 Qd8 27. Qxd8 Rxd8 28. e6 Bc8 29. Bxa5 1-0

[Event "*** Titled Tuesday Blitz"]
[Site "Chess.com"]
[Date "2020.04.14"]
[Round "1"]
[White "IngOscarArdila"]
[Black "DanielDardha2005"]
[Result "0-1"]
[WhiteElo "2124"]
[BlackElo "2551"]
[TimeControl "180+1"]
[EndTime "10:06:49 PDT"]
[Termination "DanielDardha2005 won by resignation"]

1. d4 Nf6 2. c4 e6 3. Nc3 Bb4 4. Bd2 O-O 5. Nf3 b6 6. e3 Bb7 7. Be2 d6 8. O-O Nbd7 9. Rc1 Bxc3 10. Bxc3 Ne4 11. Qc2 f5 12. Bd3 Rf6 13. d5 Nxc3 14.
Qxc3 e5 15. Bb1 Qf8 16. b4 a5 17. a3 h6 18. Nh4 g5 19. Nf3 Qg7 20. Ne1 h5 21. Nd3 f4 22. exf4 gxf4 23. f3 Kh8 24. Nf2 axb4 25. axb4 Rg8 26. Ng4 hxg4 27. fxg4 Qxg4 28.
Rf2 Rh6 29. Rcf1 Qh4 30. h3 Qxh3 31. Qxh3 Rxh3 32. Bf5 Rh7 33. Bxd7 Rxd7 34. Rf3 Rdg7 35. Rh3+ Rh7 36. Rxh7+ Kxh7 37. Kf2 b5 38. cxb5 Bxd5 39.
Rc1 Rxg2+ 40. Kf1 Rb2 41. Rxc7+ Kg6 42. Rd7 Bc4+ 43. Ke1 f3 44. Rxd6+ Kf5 0-1

[Event "*** Titled Tuesday Blitz"]
[Site "Chess.com"]
[Date "2020.04.14"]
[Round "1"]
[White "druskacik"]
[Black "Smexov"]
[Result "1-0"]
[WhiteElo "2571"]
[BlackElo "2178"]
[TimeControl "180+1"]
[EndTime "10:06:50 PDT"]
[Termination "druskacik won by resignation"]

1. e4 e6 2. d4 d5 3. Bd3 dxe4 4.
Bxe4 Nf6 5. Bf3 c5 6. Ne2 Nc6 7.
Be3 cxd4 8. Nxd4 Bd7 9. Nxc6 Bxc6 10. Bxc6+ bxc6 11. Qxd8+ Kxd8 12. Nd2 Nd5 13. Nc4 Bb4+ 14. c3 Nxe3 15. Nxe3 Bc5 16. Nc4 Kc7 17. Rd1 Rad8 18. Rxd8 Rxd8 19. Ke2 Rd5 20. f3 h5 21.
Rd1 f6 22. Nd2 Bd6 23. h3 Bc5 24. Ne4 Bb6 25. g4 hxg4 26. hxg4 a5 27. a4 Kd7 28. Rh1 f5 29. gxf5 exf5 30. Nd2 Re5+ 31. Kd3 Re3+ 32.
Kc2 Re2 33. Kd3 Rg2 34. Nc4 Bc7 35. Ne3 f4 36. Nxg2 1-0

[Event "*** Titled Tuesday Blitz"]
[Site "Chess.com"]
[Date "2020.04.14"]
[Round "1"]
[White "MusicCityMaster"]
[Black "Muracle"]
[Result "0-1"]
[WhiteElo "2339"]
[BlackElo "2687"]
[TimeControl "180+1"]
[EndTime "10:06:51 PDT"]
[Termination "Muracle won by checkmate"]

1. d4 Nf6 2. Bf4 g6 3. Nc3 d5 4. Qd2 h6 5. h4 Bg7 6. O-O-O Ne4 7. Nxe4 dxe4 8. e3 Nd7 9. Bc4 Nb6 10. Bb3 a5 11. a3 a4 12. Ba2 Nd5 13. Bg3 c6 14. f3 Bf5 15. Ne2 b5 16. Nc3 Nxc3 17. Qxc3 Qd7 18. Be5 f6 19. Bh2 exf3 20. gxf3 Be6 21. Bxe6 Qxe6 22. Kb1 f5 23. e4 fxe4 24. fxe4 O-O 25. Qd3 b4 26. d5 cxd5 27. exd5 Qf6 28. c3 bxc3 29. Rhg1 Rfc8 30. Rg2 Qb6 31. Rdg1 cxb2 32. Rxg6 Rc1+ 33. Ka2 b1=Q+ 34. Qxb1 Qxb1# 0-1

[Event "*** Titled Tuesday Blitz"]
[Site "Chess.com"]
[Date "2020.04.14"]
[Round "1"]
[White "ReyesBraulio"]
[Black "RitvarsReimanis"]
[Result "0-1"]
[WhiteElo "2183"]
[BlackElo "2571"]
[TimeControl "180+1"]
[EndTime "10:06:51 PDT"]
[Termination "RitvarsReimanis won on time"]

1. d4 Nf6 2. f4 d6 3. c4 g6 4. Nc3 Bg7 5. e4 O-O 6. Nf3 Nbd7 7. Bd3 e5 8. fxe5 dxe5 9. d5 Nh5 10.
O-O c6 11. Bg5 Qb6+ 12. Rf2 Nf4 13. Be7 Re8 14. Ba3 Nc5 15. Bf1 cxd5 16. cxd5 f5 17. Na4 Nxa4 18. Qxa4 Rd8 19. Rc1 Bd7 20. Qc2 Rac8 21.
Qb1 Rxc1 22. Qxc1 fxe4 23. Ng5 e3 24. Re2 Nxe2+ 25. Bxe2 Qf6 26. Qc3 Qxg5 0-1

[Event "*** Titled Tuesday Blitz"]
[Site "Chess.com"]
[Date "2020.04.14"]
[Round "1"]
[White "hypert"]
[Black "Duhless"]
[Result "0-1"]
[WhiteElo "2506"]
[BlackElo "3082"]
[TimeControl "180+1"]
[EndTime "10:06:52 PDT"]
[Termination "Duhless won by resignation"]

1. e4 g6 2. d4 Bg7 3. Nc3 d6 4. Be3 a6 5. a4 Nf6 6. h3 O-O 7. Nf3 Nc6 8. Be2 e6 9. O-O b6 10. Qd2 Bb7 11. Rfe1 Ne7 12. Bd3 c5 13. Bh6 cxd4 14.
Nxd4 Qc7 15. Bxg7 Kxg7 16. Rad1 Rfd8 17. Nb3 d5 18. e5 Ne4 19. Bxe4 dxe4 20. Qf4 Nd5 21.
Nxd5 Rxd5 22. Rxd5 Bxd5 23. Nd4 Kg8 24. b3 Qc3 25.
Qe3 Rc8 26. Qxc3 Rxc3 27. Kf1 Bb7 28. Ke2 Rc5 29. c4 Rxe5 30. Ke3 Rc5 31. Rd1 Kf8 32. Ne2 Ke7 33. h4 e5 34. g4 f5 35. gxf5 gxf5 36.
Rg1 Kf6 37. Rg8 f4+ 38. Kd2 Rc8 39. Rxc8 Bxc8 40. Nc3 Bb7 41. b4 Kf5 42. h5 Kg4 43. Nd5 Kf3 44. Ke1 Kg2 45. Nxb6 e3 46. f3 e4 47. Nd7 exf3 0-1

[Event "*** Titled Tuesday Blitz"]
[Site "Chess.com"]
[Date "2020.04.14"]
[Round "1"]
[White "Rish_97"]
[Black "Saloni1299"]
[Result "1-0"]
[WhiteElo "2587"]
[BlackElo "2210"]
[TimeControl "180+1"]
[EndTime "10:06:52 PDT"]
[Termination "Rish_97 won by resignation"]

1. e4 e6 2. d4 d5 3. Nc3 Bb4 4. exd5 exd5 5. Bd3 c6 6. Nf3 Nf6 7. O-O O-O 8. a3 Bd6 9. Ne5 Nbd7 10. Bf4 Qc7 11. Re1 Re8 12. Nxd7 Bxd7 13. Bxd6 Qxd6 14.
Qf3 Rxe1+ 15. Rxe1 Re8 16. Rxe8+ Bxe8 17. Qg3 Qxg3 18.
hxg3 Kf8 19. f3 h5 20. Kf2 Ke7 21. Ne2 Kd6 22. c3 b6 23. Ke3 c5 24. Kf4 g6 25.
Kg5 Ke7 26. dxc5 bxc5 27. b4 cxb4 28. axb4 Bc6 29. Nd4 Bd7 30. Bb5 Ne8 31. Kf4 f6 32. Ke3 Nd6 33. Bc6 Nc4+ 34. Ke2 Kd6 35. Bxd7 Kxd7 36. Kd3 a6 37. Nb3 Kc6 38. Kd4 Nd6 39. Na5+ Kb6 40. Kxd5 Nb5 41. c4 Nc3+ 42. Kd6 Na2 43. c5+ Ka7 44. c6 Kb8 45. c7+ Kc8 46. Nc6 Nxb4 47. Nxb4 a5 48. Nd5 1-0

[Event "*** Titled Tuesday Blitz"]
[Site "Chess.com"]
[Date "2020.04.14"]
[Round "1"]
[White "picturesquecheck"]
[Black "Mr_Sinigami"]
[Result "0-1"]
[WhiteElo "2201"]
[BlackElo "2580"]
[TimeControl "180+1"]
[EndTime "10:06:52 PDT"]
[Termination "Mr_Sinigami won by resignation"]

1. e4 c5 2. Nf3 Nc6 3. d4 cxd4 4.
Nxd4 Nf6 5. Nc3 e5 6. Ndb5 d6 7. Bg5 a6 8. Na3 b5 9. Nd5 Be7 10. Bxf6 Bxf6 11. c3 Bg5 12. Nc2 O-O 13. a4 bxa4 14.
Rxa4 a5 15. Bc4 Rb8 16. b3 Kh8 17. O-O Bh6 18. Qd3 f5 19. f3 fxe4 20. fxe4 Rxf1+ 21. Qxf1 Be6 22. g3 Ne7 23. Nxe7 Qxe7 24. Rxa5 Rf8 25.
Qe2 Qc7 26. Ra1 Bxc4 27. Qxc4 Qb6+ 28. Kh1 Qf2 29. Qd3 Bg5 30. Rg1 Rf3 31. Qxd6 h6 32. Qd1 Rxc3 33. Nb4 Rc1 34. Qxc1 Bxc1 35. Rxc1 Qf3+ 36. Kg1 Qe3+ 0-1

[Event "*** Titled Tuesday Blitz"]
[Site "Chess.com"]
[Date "2020.04.14"]
[Round "1"]
[White "GM-2023"]
[Black "wild_cat99"]
[Result "0-1"]
[WhiteElo "2085"]
[BlackElo "2536"]
[TimeControl "180+1"]
[EndTime "10:06:52 PDT"]
[Termination "wild_cat99 won on time"]

1. e4 c5 2. Nf3 d6 3. d4 cxd4 4. Nxd4 g6 5. Nc3 Bg7 6. Be3 a6 7. Qd2 Nf6 8. f3 Nc6 9. g4 Nd7 10. h4 Nde5 11. Be2 Bd7 12. Nd5 b5 13. Nxc6 Bxc6 14.
Bb6 Qb8 15. Nc7+ Kf8 16. Nxa8 Qxa8 17. Bd4 Qc8 18. h5 h6 19. hxg6 fxg6 20. f4 Bxe4 21. Rf1 Nc6 22. Bxg7+ Kxg7 23. O-O-O Rf8 24. f5 Ne5 25.
fxg6 Rxf1 26. Rxf1 Bxg6 27. Kb1 Nxg4 28. Qd4+ Nf6 29.
Bd3 Bxd3 30. Qxd3 h5 31. Rg1+ Kf8 32. Qg6 Qc5 33. a3 b4 34. axb4 Qxb4 35. Rf1 Qc4 36. Rf2 Qd4 37. Rf1 Qg4 38. Qd3 a5 39. Qb5 a4 0-1

[Event "*** Titled Tuesday Blitz"]
[Site "Chess.com"]
[Date "2020.04.14"]
[Round "1"]
[White "ChessWarrior7197"]
[Black "TheFireChess"]
[Result "1-0"]
[WhiteElo "2907"]
[BlackElo "2480"]
[TimeControl "180+1"]
[EndTime "10:06:53 PDT"]
[Termination "ChessWarrior7197 won by resignation"]

1. e4 c6 2. d4 d5 3. e5 c5 4. dxc5 Nc6 5. f4 Nh6 6. Nf3 Bg4 7. Be3 e6 8. c3 Nf5 9. Bf2 g5 10. fxg5 Bxf3 11. Qxf3 Qxg5 12. Nd2 Nxe5 13. Bb5+ Nc6 14. Nb3 a6 15. Be2 Ne5 16. Qh3 Rg8 17. O-O h5 18.
Nd4 Nxd4 19. Bxd4 Ng4 20. Qf3 O-O-O 21. c6 f5 22. cxb7+ Kxb7 23. c4 Bd6 24. Qb3+ Kc8 25.
cxd5 Bxh2+ 26. Kh1 Bc7 27. Bxa6+ Kd7 28. Rac1 Qh4+ 29.
Qh3 Qxh3+ 30. gxh3 exd5 31. Bb5+ Kd6 32. Rc6+ Kd7 33. hxg4 hxg4 34. Rfc1 Bd6 35. Rc7+ Ke6 36. Re1+ Be5 37. Rxe5+ Kd6 38. Rc6+ 1-0

[Event "*** Titled Tuesday Blitz"]
[Site "Chess.com"]
[Date "2020.04.14"]
[Round "1"]
[White "Storne89"]
[Black "SHIVACalypso"]
[Result "1/2-1/2"]
[WhiteElo "2597"]
[BlackElo "2250"]
[TimeControl "180+1"]
[EndTime "10:06:53 PDT"]
[Termination "Game drawn by repetition"]

1. e4 e6 2. d4 d5 3. Nc3 Nf6 4. Bg5 dxe4 5. Nxe4 Be7 6. Bxf6 gxf6 7. g3 f5 8. Nc3 Bf6 9. Nge2 Nc6 10. d5 exd5 11. Qxd5 Be6 12. Qxd8+ Rxd8 13. a3 Ke7 14. Bg2 Nd4 15. Nxd4 Bxd4 16. Nd1 c6 17. O-O Bb6 18. Rc1 Rd2 19. Nc3 Rhd8 20. Na4 Bd4 21. c3 Bb6 22. b4 Bb3 23. Rfe1+ Kf6 24. Nxb6 axb6 25. Bf3 b5 26. Re3 Ra2 27. Re2 Rxa3 28. Re3 Bc4 29. g4 Rd2 30. gxf5 Raa2 31. Be4 Rxf2 32.
Rh3 Bd5 33. Bxd5 cxd5 34. Rxh7 Rac2 35. Rd1 Rfd2 36. Rf1 Rxc3 37. Rh5 Rc4 38. Rh6+ Ke7 39. f6+ Ke6 40. Rh8 Rxb4 41. Re8+ Kd6 42. Rd8+ Ke6 43.
Re8+ Kd6 44. Rd8+ Ke6 45. Re8+ 1/2-1/2

[Event "*** Titled Tuesday Blitz"]
[Site "Chess.com"]
[Date "2020.04.14"]
[Round "1"]
[White "flomarechot"]
[Black "MateSchmate"]
[Result "0-1"]
[WhiteElo "2187"]
[BlackElo "2573"]
[TimeControl "180+1"]
[EndTime "10:06:53 PDT"]
[Termination "MateSchmate won on time"]

1. d4 c5 2. d5 e5 3. e4 d6 4. c4 g6 5. Nc3 Bg7 6. g3 Ne7 7. Bg2 O-O 8. Nf3 f5 9. O-O Nd7 10. Re1 Nf6 11. Bg5 h6 12. Bd2 a6 13.
Qc1 Kh7 14. a3 fxe4 15. Nxe4 Bg4 16. h3 Bxf3 17. Bxf3 Nfxd5 18. cxd5 Rxf3 19. Re3 Rxe3 20. Bxe3 Nxd5 21. Qd2 Nxe3 22. fxe3 d5 23. Nxc5 Qb6 24. b4 d4 25. Rf1 Rf8 26. Rxf8 Bxf8 27. Nd7 Qd6 28.
Nxf8+ Qxf8 29. exd4 Qf3 30. dxe5 Qxg3+ 31. Kf1 Qxe5 32. Qd7+ Qg7 33. Qd5 Qf6+ 34. Ke2 Qe7+ 35. Kd3 Kg7 36. Qd4+ Kf7 37. b5 Qxa3+ 38. Ke4 Qe7+ 39.
Qe5 Qxe5+ 40. Kxe5 axb5 41. Kd5 b6 0-1

[Event "*** Titled Tuesday Blitz"]
[Site "Chess.com"]
[Date "2020.04.14"]
[Round "1"]
[White "csati17"]
[Black "leopato"]
[Result "1-0"]
[WhiteElo "2537"]
[BlackElo "2091"]
[TimeControl "180+1"]
[EndTime "10:06:53 PDT"]
[Termination "csati17 won on time"]

1. c4 Nf6 2. Nc3 e5 3. g3 d5 4. cxd5 Nxd5 5. Bg2 Nxc3 6. bxc3 Be7 7. Nf3 Nc6 8. O-O O-O 9. d4 Bd6 10. d5 Ne7 11. c4 Bf5 12. Bb2 Ng6 13. Re1 Re8 14.
e4 Bg4 15. h3 Bd7 16. Re2 Qc8 17. Kh2 h6 18. Ne1 h5 19. Nd3 b6 20. Rc1 h4 21. c5 bxc5 22. Nxc5 Bb5 23. Re1 Rb8 24. Ba1 f5 25. Qh5 hxg3+ 26. fxg3 Ne7 27. Ne6 Bd7 28.
Ng5 Qa6 29. Qh7+ Kf8 30. Rf1 Qxa2 31. exf5 1-0

[Event "*** Titled Tuesday Blitz"]
[Site "Chess.com"]
[Date "2020.04.14"]
[Round "1"]
[White "Jumbo"]
[Black "Dixit_Nikhil"]
[Result "1-0"]
[WhiteElo "2859"]
[BlackElo "2458"]
[TimeControl "180+1"]
[EndTime "10:06:54 PDT"]
[Termination "Jumbo won by resignation"]

1. d4 Nf6 2. Nf3 g6 3. c4 Bg7 4.
g3 O-O 5. Bg2 d6 6. O-O Nbd7 7.
Nc3 e5 8. e4 exd4 9. Nxd4 a6 10. Re1 Ng4 11. h3 Qf6 12. hxg4 Qxd4 13. Qxd4 Bxd4 14. Nd5 c6 15. Ne7+ Kg7 16. Rd1 Bc5 17.
b3 Re8 18. Nxc8 Raxc8 19. Kf1 a5 20. g5 Ne5 21. f4 Nd7 22. Bb2+ Kg8 23. Bc3 b6 24. Rd3 Nf8 25. Rad1 Ne6 26. Bf6 Rc7 27. Bh3 Ra8 28. Bc3 Kf8 29. Bg4 Ke7 30. Kg2 b5 31. cxb5 cxb5 32. e5 dxe5 33. Bxe5 Rb7 34. Bf3 Raa7 35.
Bf6+ Ke8 36. Rd8+ Nxd8 1-0

[Event "*** Titled Tuesday Blitz"]
[Site "Chess.com"]
[Date "2020.04.14"]
[Round "1"]
[White "WIDBIFS"]
[Black "Kingsman132"]
[Result "1-0"]
[WhiteElo "2780"]
[BlackElo "2410"]
[TimeControl "180+1"]
[EndTime "10:06:54 PDT"]
[Termination "WIDBIFS won on time"]

1. d4 Nf6 2. Nf3 e6 3. Bf4 d5 4.
e3 Bd6 5. Bg3 Ne4 6. Nbd2 O-O 7.
Bd3 f5 8. Rc1 c5 9. Bxd6 Qxd6 10. c3 c4 11. Bb1 b5 12. a3 Nc6 13. O-O a6 14. Ne1 Nxd2 15. Qxd2 g5 16. e4 h6 17.
exf5 exf5 18. f4 g4 19. Nc2 Be6 20. Rce1 Rf6 21. Qf2 Ne7 22. Re5 Ng6 23. Rfe1 Re8 24.
Ne3 Ref8 25. g3 Qd7 26. Ng2 a5 27. Qe3 Kf7 28. Qe2 Nxe5 29. fxe5 Rg6 30. Nh4 Rg5 31.
Rf1 Ke8 32. Qe3 Kd8 33. Bc2 a4 34. Ng2 Kc7 35. Nf4 Kb6 36. Kf2 Ka5 37. Ke2 Ka6 38.
Kd2 Ka5 39. Kc1 1-0

[Event "*** Titled Tuesday Blitz"]
[Site "Chess.com"]
[Date "2020.04.14"]
[Round "1"]
[White "nickmatta"]
[Black "MisaPap"]
[Result "0-1"]
[WhiteElo "2306"]
[BlackElo "2655"]
[TimeControl "180+1"]
[EndTime "10:06:55 PDT"]
[Termination "MisaPap won by resignation"]

1. d4 Nf6 2. c4 c5 3. d5 b5 4. cxb5 a6 5. e3 axb5 6. Bxb5 Qa5+ 7. Nc3 Bb7 8. Bd2 Qb6 9. Qb3 Na6 10. e4 Nb4 11. Bc4 Ba6 12. Rc1 Nd3+ 13. Bxd3 Qxb3 14.
axb3 Bxd3 15. f3 d6 16. Nge2 g6 17. Kf2 Bg7 18. Ra1 O-O 19. Ra4 Rab8 20. Ra3 Bc2 21. Ra7 Rfe8 22. Rha1 Bxb3 23. R1a2 Bxa2 24. Rxa2 Nd7 25. f4 Rb7 26. Kf3 Reb8 27. Bc1 h5 28. h3 h4 29. g3 hxg3 30. Kxg3 Nb6 31. Ra6 Nc4 32. h4 Nxb2 33. Bxb2 Rxb2 34. Ra7 Bxc3 35. Nxc3 R2b3 36. Rxe7 Rxc3+ 37. Kg4 Kf8 38. Rd7 Rbb3 39. Kg5 Kg7 40. f5 Rg3+ 0-1

[Event "*** Titled Tuesday Blitz"]
[Site "Chess.com"]
[Date "2020.04.14"]
[Round "1"]
[White "Zq1"]
[Black "AlanZhang"]
[Result "1-0"]
[WhiteElo "2557"]
[BlackElo "2149"]
[TimeControl "180+1"]
[EndTime "10:06:55 PDT"]
[Termination "Zq1 won on time"]

1. d4 Nf6 2. c4 e6 3. g3 d5 4. Bg2 dxc4 5. Nf3 c6 6. Ne5 b5 7. Nxc6 Qb6 8. Nxb8 Rxb8 9. O-O Bb7 10. Bxb7 Rxb7 11.
a4 b4 12. a5 Qb5 13. a6 Rb6 14. Qa4 Be7 15. Qxb5+ Rxb5 16. Nd2 c3 17. bxc3 bxc3 18. Nb1 Bb4 19. Ba3 Ba5 20. Rc1 Rb3 21. Bc5 Bb6 22. Rxc3 Rxc3 23. Nxc3 Bxc5 24. dxc5 Kd7 25.
Rb1 Rc8 26. Rb7+ Rc7 27. Nb5 Rxb7 28. axb7 Kc6 29. b8=Q Kxc5 30. Nxa7 Kc4 31. Qc7+ Kd4 32. Qxf7 Ne4 33. Qxg7+ Kc4 34. Qxh7 Nc3 35. Qd3+ Kb4 36. Nc6+ Kb3 37. Nd4+ Kb4 38. Nxe6 Kb3 39. Nc5+ Kb4 40. Ne4 Nxe2+ 41. Qxe2 Kb3 42. Qd2 Ka4 43. Qb2 Ka5 44. Ng5 1-0

[Event "*** Titled Tuesday Blitz"]
[Site "Chess.com"]
[Date "2020.04.14"]
[Round "1"]
[White "1stSecond"]
[Black "BIG_Pirate"]
[Result "1-0"]
[WhiteElo "2711"]
[BlackElo "2367"]
[TimeControl "180+1"]
[EndTime "10:06:56 PDT"]
[Termination "1stSecond won on time"]

1. Nf3 d5 2. g3 c6 3. Bg2 Nf6 4. O-O Bf5 5. d3 e6 6. c4 dxc4 7. dxc4 Qxd1 8. Rxd1 Nbd7 9. Nc3 Bc2 10. Rd2 Bg6 11.
b3 Bb4 12. Bb2 Bxc3 13. Bxc3 Ne4 14. Bxg7 Rg8 15. Rxd7 Kxd7 16. Bb2 Ke7 17. Ne5 f5 18. Ba3+ Kf6 19. Nd7+ Kf7 20. Ne5+ Kf6 21. Bb2 Ke7 22. f3 Nf6 23. Ba3+ Ke8 24. Kf2 Rd8 25. Ke3 Nd7 26.
Nd3 Kf7 27. Bd6 Rge8 28. f4 Nf6 29. Ne5+ Kg7 30. c5 Nd5+ 31. Bxd5 exd5 32. a4 Bh5 33. a5 Ra8 34. Ra4 Red8 35. Rb4 b6 36. axb6 axb6 37. Rxb6 Rdc8 38. Rb7+ 1-0

[Event "*** Titled Tuesday Blitz"]
[Site "Chess.com"]
[Date "2020.04.14"]
[Round "1"]
[White "pedroholly22"]
[Black "Shahinyan_ChessMood"]
[Result "0-1"]
[WhiteElo "2337"]
[BlackElo "2680"]
[TimeControl "180+1"]
[EndTime "10:06:56 PDT"]
[Termination "Shahinyan_ChessMood won by resignation"]

1. e4 e6 2. d4 d5 3. Nc3 Bb4 4. e5 c5 5. a3 Bxc3+ 6. bxc3 Ne7 7. Qg4 Qc7 8. Qxg7 Rg8 9. Qxh7 cxd4 10. Ne2 dxc3 11.
f4 Nbc6 12. Qd3 d4 13. Nxd4 Nxd4 14. Qxd4 Bd7 15. h4 Nf5 16. Qf2 Qc6 17. Rh3 Qe4+ 18. Qe2 Qxe2+ 19. Bxe2 Rxg2 20. Bf3 Rxc2 21. Bxb7 Rb8 22.
Be4 Nd4 23. Be3 Re2+ 24. Kf1 Rbb2 25. Bxd4 Rxe4 26. Bxc3 Rxf4+ 27. Ke1 Re4+ 28. Kd1 Ba4+ 29. Kc1 Rc2+ 30. Kb1 Rg4 31. Ra2 Rg1+ 0-1

[Event "*** Titled Tuesday Blitz"]
[Site "Chess.com"]
[Date "2020.04.14"]
[Round "1"]
[White "Trickov"]
[Black "731291"]
[Result "1-0"]
[WhiteElo "2263"]
[BlackElo "2591"]
[TimeControl "180+1"]
[EndTime "10:06:56 PDT"]
[Termination "Trickov won on time"]

1. d4 Nf6 2. Nf3 e6 3. g3 b6 4. Bg2 Bb7 5. O-O Be7 6. c4 O-O 7. Nc3 Ne4 8. d5 Nxc3 9. bxc3 Bf6 10. Nd4 Qc8 11. e4 Na6 12. f4 e5 13. fxe5 Bxe5 14. Bf4 d6 15. Bxe5 dxe5 16. Nb3 Qd8 17. Qe2 Qe7 18.
Qe3 Bc8 19. a4 Nb8 20. a5 Ba6 21. axb6 axb6 22. c5 Bxf1 23. Rxa8 Bxg2 24. Kxg2 Nd7 25. Rxf8+ Kxf8 26. c6 Nf6 27. c4 Ne8 28. c5 bxc5 29. Qxc5 Nd6 30. Nd2 g6 31. Qb4 f5 32. exf5 gxf5 33. Nc4 Nxc4 34. Qxc4 Qa3 35. Kh3 1-0

[Event "*** Titled Tuesday Blitz"]
[Site "Chess.com"]
[Date "2020.04.14"]
[Round "1"]
[White "DucksParadise"]
[Black "YumiBear"]
[Result "0-1"]
[WhiteElo "2102"]
[BlackElo "2538"]
[TimeControl "180+1"]
[EndTime "10:06:57 PDT"]
[Termination "YumiBear won by resignation"]

1. d4 Nf6 2. c4 e6 3. g3 d5 4. Bg2 c6 5. Nf3 dxc4 6. Ne5 Nbd7 7. Nxc4 Nb6 8. Ne5 c5 9. Nf3 cxd4 10. Qxd4 Qxd4 11. Nxd4 a6 12. O-O Be7 13. Nc3 O-O 14. Rd1 Rd8 15. Bg5 h6 16. Bxf6 Bxf6 17. Nb3 Rxd1+ 18.
Rxd1 Nc4 19. Ne4 Be7 20. Rc1 Nxb2 21. Nec5 Rb8 22. Rc2 b6 23. Rxb2 bxc5 24. Rc2 Bd7 25. Rc3 Bb5 26. Nxc5 Bxe2 27. Be4 Rc8 28. Na4 Rxc3 29.
Nxc3 Bc4 30. f4 Bb4 0-1

[Event "*** Titled Tuesday Blitz"]
[Site "Chess.com"]
[Date "2020.04.14"]
[Round "1"]
[White "SPEEDSKATER"]
[Black "medalja"]
[Result "1/2-1/2"]
[WhiteElo "2823"]
[BlackElo "2448"]
[TimeControl "180+1"]
[EndTime "10:06:58 PDT"]
[Termination "Game drawn by agreement"]

1. d4 Nf6 2. c4 e6 3. Nf3 b6 4. g3 Ba6 5. Nbd2 c6 6. Bg2 d5 7.
b3 Bb4 8. O-O O-O 9. Bb2 Nbd7 10.
Rc1 Rc8 11. a3 Bd6 12. Ne5 Qe7 13. b4 dxc4 14. Ndxc4 Nb8 15. Qc2 Rfd8 16. Rfd1 c5 17. Nxd6 Rxd6 18. dxc5 Rxd1+ 19. Qxd1 bxc5 20. bxc5 Rxc5 21.
Rxc5 Qxc5 22. Qd8+ Qf8 23. Qc7 Bxe2 24. Qxa7 Nd5 25.
Nd7 Nxd7 26. Qxd7 Qb8 27. Bxd5 exd5 28. Qxd5 h5 29. Qe5 Qxe5 30. Bxe5 Kf8 31. a4 g6 32.
a5 Ke7 33. Bc3 Ke6 34. f3 Bxf3 35. a6 Kd7 36. a7 Kc8 37. Kf2 Bd5 38. Ke3 Kb7 39. Bd4 Be6 40. Kf4 Bd5 41. Ke5 Be6 42. Kf6 Ka8 43. Kg5 Kb7 44. h3 Bxh3 45. Kf6 Be6 46. Kg5 1/2-1/2

[Event "*** Titled Tuesday Blitz"]
[Site "Chess.com"]
[Date "2020.04.14"]
[Round "1"]
[White "Aleksey_Sorokin"]
[Black "adricalderon8"]
[Result "0-1"]
[WhiteElo "2769"]
[BlackElo "2431"]
[TimeControl "180+1"]
[EndTime "10:06:58 PDT"]
[Termination "adricalderon8 won by resignation"]

1. d4 Nf6 2. c4 g6 3. Nc3 d5 4. cxd5 Nxd5 5. e4 Nxc3 6. bxc3 Bg7 7. Nf3 c5 8. Be3 b6 9. Bb5+ Nd7 10. O-O O-O 11.
Bc6 Ba6 12. Bxa8 Bxf1 13. Bc6 Ba6 14. Qa4 cxd4 15. cxd4 Nb8 16. Rc1 Nxc6 17. Qxa6 Nxd4 18. Bxd4 Bxd4 19. Nxd4 Qxd4 20. Qxa7 e5 21. h3 Qb2 22. Rc7 Qb1+ 23. Kh2 Qxe4 24. Qxb6 Ra8 25. Ra7 Rc8 26. a4 Kg7 27. a5 Rc6 28. Qb2 Rc2 29. Qb3 Qf4+ 30.
Qg3 Rxf2 31. Qxf4 exf4 32. a6 Ra2 33. Kg1 h5 34. Kf1 g5 35. Ra8 Kf6 36. a7 Kf5 37.
Kg1 g4 38. Rh8 Ra1+ 39. Kf2 g3+ 40. Kf3 Ra3+ 41. Ke2 Rxa7 42. Rxh5+ Ke4 43. Rh8 Ra2+ 44. Kf1 f3 45. Re8+ Kf4 46. gxf3 Kxf3 47. Re1 f5 48.
Kg1 f4 0-1